 Dungeon Crawl Stone Soup version 0.26.0-10-g1f06aea511 (webtiles) character file.

Game seed: 7692033350274083761

113 Dracia the Magician (level 4, -2/32 HPs)
             Began as a Gnoll Hedge Wizard on Jan 15, 2021.
             Slain by a white imp (3 damage)
             ... on level 3 of the Dungeon.
             The game lasted 00:05:51 (2924 turns).

Dracia the Magician (Gnoll Hedge Wizard)            Turns: 2924, Time: 00:05:51

Health: -2/32      AC:  7    Str: 13    XL:     4   Next: 96%
Magic:  11/13      EV: 13    Int: 16    God:
Gold:   202        SH:  0    Dex: 15    Spells: 4/17 levels left

rFire    . . .     SeeInvis .   h - -1 mace (curse)
rCold    . . .     Faith    .   (no shield)
rNeg     . . .     Spirit   .   e - +0 ring mail
rPois    +         Reflect  .   c - +2 hat
rElec    .         Harm     .   (no cloak)
rCorr    .         Rampage  .   (no gloves)
Will     .....                  (no boots)
Stlth    ++........             (no amulet)
HPRegen  0.10/turn              Z - ring of wizardry
MPRegen  0.13/turn              P - ring of poison resistance

@: no status effects
A: distributed training, fangs 1, strong nose
a: no special abilities


You were on level 3 of the Dungeon.
You visited 1 branch of the dungeon, and saw 3 of its levels.

You collected 202 gold pieces.


Innate Abilities, Weirdness & Mutations

Your experience applies equally to all skills.
You have very sharp teeth.
Your uncanny sense of smell can sniff out nearby items.


   Skills:
 + Level 1.3 Fighting
 + Level 1.3 Short Blades
 + Level 1.3 Long Blades
 + Level 1.3 Axes
 + Level 1.3 Maces & Flails
 + Level 1.3 Polearms
 + Level 1.3 Staves
 + Level 1.3 Slings
 + Level 1.3 Bows
 + Level 1.3 Crossbows
 + Level 1.3 Throwing
 + Level 1.3 Armour
 + Level 4.7 Dodging
 + Level 4.3 Stealth
 + Level 1.3 Shields
 + Level 1.3 Unarmed Combat
 + Level 7.2 Spellcasting
 + Level 2.3 Conjurations
 + Level 1.0 Hexes
 + Level 2.3 Summonings
 + Level 1.0 Necromancy
 + Level 2.3 Translocations
 + Level 1.0 Transmutations
 + Level 1.0 Fire Magic
 + Level 1.0 Ice Magic
 + Level 1.0 Air Magic
 + Level 1.0 Earth Magic
 + Level 1.0 Poison Magic
 + Level 1.4 Invocations
 + Level 1.3 Evocations


You had 4 spell levels left.
You knew the following spells:

 Your Spells              Type           Power        Failure   Level
c - Call Imp              Summ           13%          6%          2
f - Conjure Flame         Conj/Fire      11%          16%         3
m - Mephitic Cloud        Conj/Pois/Air  10%          16%         3
s - Slow                  Hex            9%           11%         2
z - Magic Dart            Conj           52%          4%          1
I - Blink                 Tloc           N/A          6%          2

Your spell library contained the following spells:

 Spells                   Type           Power        Failure   Level


Inventory:

Hand Weapons
 a - a +0 dagger
 h - a cursed -1 mace (weapon)
Missiles
 i - 7 poisoned darts
Armour
 b - a +0 robe
 c - a +2 hat (worn)
 e - a +0 ring mail (worn)
Magical Staves
 m - an uncursed staff of earth {!a!a}
Jewellery
 f - an uncursed ring of protection from fire
 F - an uncursed ring of fire
 P - a ring of poison resistance (right hand)
 Z - a ring of wizardry (left hand)
Potions
 d - a potion of haste {@q3@q3}
 j - a potion of lignification

Dungeon Overview and Level Annotations

Branches:
Dungeon (3/15)

Altars:
Kikubaaqudgha
Uskayaw

,*,,,,,,,.....,###...#
,*,,,,,,,.....,#§§...#
,*,,,,,,,......#.#####
,*,,,,,,,......#§#
,+,,,,,,8...)..'.#
**,,,,,,,......#.#
*,,,,,,,.....,#.#
*,,,,,,,...[,,#5#
*,,,,,,,...,,,#@#
*,,,,,,,..,,,,#.#
*,,,,,,,.,,,,,#.#
*******+******#.#
*,,,,,,,..#
********###


You could see a white imp.


Message History

The white imp freezes you.
* * * LOW HITPOINT WARNING * * *
You barely miss the white imp.
The white imp is heavily wounded.
The white imp misses you.
Okay, then.
You are too injured to fight recklessly!
Casting: Magic Dart (safe; 4% risk of failure)
Confirm with . or Enter, or press ? or * to list all spells.
Aiming: Magic Dart (safe; 4% risk of failure)
Press: ? - help, Shift-Dir - straight line, f - white imp
Aim: a white imp (heavily wounded, 0% to evade)
The magic dart hits the white imp but does no damage.
The white imp is heavily wounded.
The white imp puffs mist at you. The white imp hits you.
* * * LOW HITPOINT WARNING * * *
The white imp freezes you.
* * * LOW HITPOINT WARNING * * *
Casting: Magic Dart (safe; 4% risk of failure)
Confirm with . or Enter, or press ? or * to list all spells.
Aiming: Magic Dart (safe; 4% risk of failure)
Press: ? - help, Shift-Dir - straight line, f/p - white imp
Aim: a white imp (heavily wounded, 0% to evade)
The magic dart hits the white imp but does no damage.
The white imp is heavily wounded.
The white imp hits you.
* * * LOW HITPOINT WARNING * * *
The white imp freezes you.
You die...

Skill      XL: |  1  2  3  4 |
---------------+-------------+-----
Conjurations   | 2 |  2.3
Summonings     | 2 |  2.3
Translocations | 2 |  2.3
Invocations    | 1 |  1.4
Fighting       | 1 |  1.3
Short Blades   | 1 |  1.3
Long Blades    | 1 |  1.3
Axes           | 1 |  1.3
Maces & Flails | 1 |  1.3
Polearms       | 1 |  1.3
Staves         | 1 |  1.3
Slings         | 1 |  1.3
Bows           | 1 |  1.3
Crossbows      | 1 |  1.3
Throwing       | 1 |  1.3
Armour         | 1 |  1.3
Shields        | 1 |  1.3
Unarmed Combat | 1 |  1.3
Evocations     | 1 |  1.3
Hexes          | 1 |  1.0
Necromancy     | 1 |  1.0
Transmutations | 1 |  1.0
Fire Magic     | 1 |  1.0
Ice Magic      | 1 |  1.0
Air Magic      | 1 |  1.0
Earth Magic    | 1 |  1.0
Poison Magic   | 1 |  1.0
Dodging        | |  4.7
Stealth        | |  4.3
Spellcasting   | |  7.2

Action                   |  1- 3 |  4- 6 || total
-------------------------+-------+-------++-------
Melee: Dagger            |    69 |       ||    69
       Bite              |     6 |    11 ||    17
       Mace              |    39 |    86 ||   125
 Cast: Magic Dart        |    12 |    11 ||    23
       Call Imp          |     6 |       ||     6
       Slow              |     1 |       ||     1
       Blink             |     1 |       ||     1
  Use: Potion            |     5 |       ||     5
       Scroll            |     3 |     4 ||     7
 Stab: Sleeping          |     5 |     2 ||     7
Armor: Ring mail         |    39 |    45 ||    84
Dodge: Dodged            |    82 |    68 ||   150

Levels and vault maps discovered:
D:1:      elethiomel_arrival_quiet, layout_basic
D:2:      layout_loops_ring, dancing_weapons_uskayaw
D:3:      layout_rooms, cheibriados_altar_2, marbit_many_paths,
          kennysheep_generic_room_16

Notes
Turn   | Place    | Note
-------+----------+-------------------------------------------
     0 | D:1      | Dracia the Gnoll Hedge Wizard began the quest for the Orb.
     0 | D:1      | Reached XP level 1. HP: 13/13 MP: 8/8
   245 | D:1      | Reached skill level 2 in Conjurations
   245 | D:1      | Reached skill level 2 in Summonings
   245 | D:1      | Reached skill level 2 in Translocations
   396 | D:1      | Reached XP level 2. HP: 19/19 MP: 10/10
   853 | D:1      | Reached XP level 3. HP: 8/25 MP: 11/11
  1462 | D:2      | Learned a level 2 spell: Blink
  1465 | D:2      | Learned a level 2 spell: Call Imp
  1468 | D:2      | Learned a level 2 spell: Slow
  1472 | D:2      | Learned a level 3 spell: Mephitic Cloud
  1476 | D:2      | Learned a level 3 spell: Conjure Flame
  1683 | D:2      | Found a hide-covered altar of Uskayaw.
  1684 | D:2      | Noticed a +0 hand axe
  1684 | D:2      | Noticed a +0 hand axe
  1702 | D:2      | Reached skill level 1 in Invocations
  1856 | D:2      | Reached skill level 1 in Fighting
  1856 | D:2      | Reached skill level 1 in Short Blades
  1856 | D:2      | Reached skill level 1 in Long Blades
  1856 | D:2      | Reached skill level 1 in Axes
  1856 | D:2      | Reached skill level 1 in Maces & Flails
  1856 | D:2      | Reached skill level 1 in Polearms
  1856 | D:2      | Reached skill level 1 in Staves
  1856 | D:2      | Reached skill level 1 in Slings
  1856 | D:2      | Reached skill level 1 in Bows
  1856 | D:2      | Reached skill level 1 in Crossbows
  1856 | D:2      | Reached skill level 1 in Throwing
  1856 | D:2      | Reached skill level 1 in Armour
  1856 | D:2      | Reached skill level 1 in Shields
  1856 | D:2      | Reached skill level 1 in Unarmed Combat
  1856 | D:2      | Reached skill level 1 in Evocations
  1969 | D:2      | Identified a potion of resistance
  2017 | D:2      | Reached XP level 4. HP: 12/32 MP: 4/13
  2556 | D:3      | Reached skill level 1 in Hexes
  2556 | D:3      | Reached skill level 1 in Necromancy
  2556 | D:3      | Reached skill level 1 in Transmutations
  2556 | D:3      | Reached skill level 1 in Fire Magic
  2556 | D:3      | Reached skill level 1 in Ice Magic
  2556 | D:3      | Reached skill level 1 in Air Magic
  2556 | D:3      | Reached skill level 1 in Earth Magic
  2556 | D:3      | Reached skill level 1 in Poison Magic
  2799 | D:3      | Found an ancient bone altar of Kikubaaqudgha.
  2923 | D:3      | HP: 2/32 [white imp (2)]
  2924 | D:3      | Slain by a white imp

Vanquished Creatures
  A hound (D:2)
  A gnoll (D:1)
  2 adders (D:2)
  An ooze (D:3)
  A worm (D:3)
  2 dart slugs (D:2)
  2 leopard geckos
  3 orcs (D:3)
  A giant cockroach (D:2)
  5 hobgoblins
  2 jackals (D:3)
  4 kobolds
  10 bats
  A frilled lizard (D:1)
  6 goblins
  4 rats
46 creatures vanquished.

Table legend: (Time is in decaauts)
 A = Elapsed time spent in this place.
 B = Non-inter-level travel time spent in this place.
 C = Inter-level travel time spent in this place.
 D = Time resting spent in this place.
 E = Time spent auto-exploring this place.
 F = Levels seen in this place.
 G = Mean time per level.
                   A        B        C        D        E       F      G
               +--------+--------+--------+--------+--------+-----+--------+
         Total |   2945 |   2814 |    131 |    947 |   1320 |   3 |  981.7 |
       Dungeon |   2945 |   2814 |    131 |    947 |   1320 |   3 |  981.7 |
               +--------+--------+--------+--------+--------+-----+--------+

Top non-repeatable levels by time:
     D:1: 1428 daAuts
     D:2: 1051 daAuts
     D:3: 465 daAuts

Table legend:
 A = Non-vault XP
 B = Vault XP
 C = Vault XP percentage of total XP
 D = Non-vault monster count
 E = Vault monster count
 F = Vault count percentage of total count
                 A         B        C        D         E       F
            +---------+---------+-------+---------+---------+-------
      Total |     160 |       2 |   1.2 |      45 |       1 |   2.2
            +---------+---------+-------+---------+---------+-------
        D:1 |      36 |       0 |   0.0 |      14 |       0 |   0.0
        D:2 |      79 |       0 |   0.0 |      14 |       0 |   0.0
        D:3 |      45 |       2 |   4.3 |      17 |       1 |   5.6
            +---------+---------+-------+---------+---------+-------
